 Dungeon Crawl Stone Soup version 0.22-a0-40-g3d2f077 (webtiles) character file.

1864 Gorglomux the Shield-Bearer (level 8, -10/74 HPs)
             Began as a Deep Dwarf Fighter on Jan 4, 2018.
             Was a Believer of Makhleb.
             Splashed by Pikel's acid (13 damage)
             ... on level 6 of the Dungeon.
             The game lasted 00:06:56 (4207 turns).

Gorglomux the Shield-Bearer (Deep Dwarf Fighter)    Turns: 4207, Time: 00:06:56

Health: -10/74     AC:  3    Str: 23    XL:     8   Next: 90%
Magic:  7/7        EV:  9    Int:  8    God:    Makhleb [**....]
Gold:   316        SH: 16    Dex: 12    Spells: 7/7 levels left

rFire    + . .     SeeInvis .   a - +0 war axe
rCold    . . .     Gourm    .   P - +0 large shield {rPois}
rNeg     . . .     Faith    .   b - +0 scale mail
rPois    +         Spirit   .   (no helmet)
rElec    .         Reflect  .   (no cloak)
rCorr    .         Harm     .   (no gloves)
MR       ++...                  (no boots)
Stlth    ..........             (no amulet)
HPRegen  0.00/turn              f - ring of protection from fire
MPRegen  0.10/turn              m - ring of protection from magic

@: corroded, non-regenerating
A: damage resistance, heal wounds, sense surroundings 1, no regeneration
a: Heal Wounds, Minor Destruction, Renounce Religion


You were on level 6 of the Dungeon.
You worshipped Makhleb.
Makhleb was pleased with you.
You were not hungry.

You visited 1 branch of the dungeon, and saw 8 of its levels.

You collected 316 gold pieces.

Inventory:

Hand Weapons
 a - a +0 war axe (weapon)
Missiles
 Z - 4 throwing nets (quivered)
Armour
 b - a +0 scale mail (worn)
 P - a +0 large shield of poison resistance (worn)
Jewellery
 f - a ring of protection from fire (left hand)
 m - a ring of protection from magic (right hand)
 o - an uncursed ring of poison resistance
Scrolls
 i - a scroll of immolation {unknown}
 q - 2 scrolls of teleportation {unknown}
 R - a scroll of identify
 S - 3 scrolls of remove curse {unknown}
 T - a scroll of enchant armour {unknown}
 U - 2 scrolls of random uselessness
 X - a scroll of magic mapping {unknown}
Potions
 d - 3 potions of might
 h - a potion of heal wounds {unknown}
 n - 3 potions of brilliance
 p - a potion of invisibility {unknown}
 M - a potion of agility {unknown}
 O - a potion of mutation {unknown}
 Q - 3 potions of curing
 V - 3 potions of haste
 W - 2 potions of flight
 Y - 2 potions of degeneration
Comestibles
 k - 3 chunks of flesh
 N - 9 rations


   Skills:
 + Level 5.1 Fighting
 + Level 5.6 Axes
 + Level 6.2 Armour
 + Level 5.1 Dodging
 + Level 6.4 Shields
 + Level 4.6 Invocations


You had 7 spell levels left.
You didn't know any spells.

Dungeon Overview and Level Annotations

Branches:
Dungeon (8/15)
 Temple: D:4-7         Lair: D:8-11

Altars:
Cheibriados
Elyvilon
Makhleb
Nemelex Xobeh
Okawaru
Uskayaw
Xom
Yredelemnul
Zin
The Shining One

Annotations:
D:6 Pikel
D:8 Maurice


Innate Abilities, Weirdness & Mutations

You are resistant to damage.
You can heal yourself by infusing magical energy.
You passively map a small area around you.
You do not regenerate.


Message History

You feel much better!
Pikel hits you with a whip of freezing!!! * * * butt't die
* * * Pikel freezes you!
Your magical butt is drained by the effort!!!
You feel much better! Pikel barely misses you!
You feel much better! You block Pikel's attack!
You open Pikel like a pillowcase!!!
Pikel is severely wounded!
You block Pikel's attack!
You closely miss Pikel!
Pikel is severely wounded!
Pikel zaps a wand!
The bolt of acid hits you!!!
You are splashed with acid!!!
The acid butts!!!
You barely miss Pikel!
Pikel is severely wounded!
Pikel zaps a wand!
The bolt of acid hits you!!! * * * don't die
* * * The acid corrodes you!!!
You are splashed with acid!!!
The acid burns!!! rip

, ............. , *
*#..........!. #######.#
#............ , ......#.#
#........... ........
#........... ,
......######## #.$.........
, .............#
#ppp.......
.......8.8.8.#####pO....#..
, **
..............#.@Kl###..# *
..............#.#### ..#
#####.(.....#...# , ...
##....)_#.### *,,* ##
#......#.# * , * *
#...((...# , * , *
#...).)..# * * #.8.8.8.## *
#.......# * ,


You could see Pikel, an ogre, 2 slaves and a leopard gecko.

Vanquished Creatures
  A hungry ghost (D:5)
  An ice beast (D:5)
  A black bear (D:7)
  4 ogres
  2 phantoms
  A centaur (D:6)
  A big kobold (D:4)
  A scorpion (D:5)
  A centaur zombie (D:5)
  2 crimson imps (D:5)
  A bullfrog zombie (D:5)
  A hound (D:4)
  5 orc wizards
  An orc priest (D:5)
  2 bullfrog skeletons
  A centaur skeleton (D:5)
  Jessica (D:2)
  3 iguanas
  2 worker ants
  Terence (D:2)
  A killer bee zombie (D:6)
  A hound zombie (D:5)
  10 adders
  3 gnolls (D:2)
  An ooze (D:1)
  A worm (D:4)
  2 dart slugs
  8 leopard geckos
  16 orcs
  3 bats
  2 giant cockroaches
  6 goblins
  8 hobgoblins
  3 jackals (D:5)
  3 quokkas
  2 frilled lizards (D:2)
  A giant cockroach zombie (D:5)
  5 kobolds
  A leopard gecko skeleton (D:4)
  8 rats
118 creatures vanquished.

Notes
Turn   | Place    | Note
-------+----------+-------------------------------------------
     0 | D:1      | Gorglomux the Deep Dwarf Fighter began the quest for the Orb.
     0 | D:1      | Reached XP level 1. HP: 20/20 MP: 1/1
    27 | D:1      | Reached XP level 2. HP: 27/27 MP: 2/2
   297 | D:1      | Reached skill level 1 in Dodging
   624 | D:2      | Noticed Terence
   640 | D:2      | Reached skill level 3 in Fighting
   640 | D:2      | Reached XP level 3. HP: 18/34 MP: 3/3
   647 | D:2      | Killed Terence
   748 | D:2      | Reached XP level 4. HP: 42/42 MP: 3/3
   814 | D:2      | Noticed Jessica
   824 | D:2      | Killed Jessica
   824 | D:2      | Reached skill level 3 in Axes
   923 | D:2      | Found a basalt altar of Yredelemnul.
  1018 | D:2      | Found an iron altar of Okawaru.
  1133 | D:2      | Found a burning altar of Makhleb.
  1135 | D:2      | Found a glowing golden altar of the Shining One.
  1174 | D:3      | Reached XP level 5. HP: 44/49 MP: 4/4
  1344 | D:3      | Found a sparkling altar of Nemelex Xobeh.
  1845 | D:2      | Found a white marble altar of Elyvilon.
  1853 | D:2      | Became a worshipper of Makhleb the Destroyer
  2158 | D:4      | Reached XP level 6. HP: 36/57 MP: 5/5
  2312 | D:4      | Reached * piety under Makhleb
  2511 | D:4      | Reached skill level 3 in Dodging
  2681 | D:4      | Reached XP level 7. HP: 43/64 MP: 5/5
  2792 | D:4      | Reached skill level 1 in Invocations
  3012 | D:5      | Entered Level 5 of the Dungeon
  3174 | D:5      | Noticed a hungry ghost
  3175 | D:5      | Found a snail-covered altar of Cheibriados.
  3197 | D:5      | Killed a hungry ghost
  3197 | D:5      | Reached XP level 8. HP: 64/73 MP: 5/7
  3214 | D:5      | Reached skill level 3 in Invocations
  3388 | D:5      | Found a shimmering altar of Xom.
  3390 | D:5      | Noticed an angel
  3395 | D:5      | Found a glowing silver altar of Zin.
  3708 | D:5      | Reached ** piety under Makhleb
  3884 | D:6      | You fall through a shaft for 2 floors!
  3913 | D:8      | Noticed Maurice
  4000 | D:8      | Reached skill level 6 in Shields
  4060 | D:7      | Reached skill level 6 in Armour
  4138 | D:6      | Found a hide-covered altar of Uskayaw.
  4178 | D:6      | Noticed Pikel
  4207 | D:6      | HP: 3/74 [Pikel/wand of acid (2) (27)]
  4207 | D:6      | Splashed by Pikel's acid

Vault maps used:
D:1:      lightli_arrival_windingriver
D:2:      nicolae_overflow_hidden_temple, nicolae_overflow_crystal_walls,
          nrook_mini_backslash, kennysheep_jessica_study, uniq_terence,
          uniq_jessica
D:3:      minmay_door_path, interstate_on_off, nemelex_xobeh_ov_fountains_minmay
D:4:      lexackson_kobold_supper
D:5:      grunt_temple_overflow_order_and_chaos_1, kennysheep_slug_shrine,
          first_ration
D:6:      eat_drink_and_be_merry_uskayaw, kennysheep_little_box,
          kennysheep_mini, uniq_pikel
D:7:      minmay_temple_entry_fiery, basic_altar
D:8:      serial_shops, nicolae_shop_window_shopping,
          chequers_ossuary_entry_cave, uniq_maurice

Skill      XL: |  1  2  3  4  5  6  7  8 |
---------------+-------------------------+-----
Dodging        | 1 2 3 4 5 |  5.1
Fighting       | 3 4 5 |  5.1
Axes           | 3 4 5 |  5.6
Shields        | 4 5 6 |  6.4
Armour         | 4 5 6 |  6.2
Invocations    | 2 4 |  4.6

Action                   |  1- 3 |  4- 6 |  7- 9 || total
-------------------------+-------+-------+-------++-------
Melee: War axe           |    80 |   190 |   320 ||   590
Invok: Minor Destruction |       |       |     4 ||     4
 Abil: Heal Wounds       |     1 |     6 |     9 ||    16
  Use: Scroll            |       |       |     6 ||     6
  Eat: Chunk             |       |     6 |     9 ||    15
Armor: Scale mail        |    42 |    67 |   102 ||   211
Dodge: Dodged            |    33 |    71 |   103 ||   207
Block: Shield            |    49 |   106 |    87 ||   242
       Large shield      |       |       |   133 ||   133

Table legend:
 A = Spawn XP
 B = Non-spawn XP
 C = Spawn XP percentage of total XP
 D = Spawn monster count
 E = Non-spawn monster count
 F = Spawn count percentage of total count
 G = Total turns spent on level
                    A         B        C        D         E        F      G
               +---------+---------+-------+---------+---------+-------+---------
         Total |       0 |    2664 |   0.0 |       0 |     118 |   0.0 |  4207
               +---------+---------+-------+---------+---------+-------+---------
           D:1 |       0 |      39 |   0.0 |       0 |      17 |   0.0 |   622
           D:2 |       0 |     154 |   0.0 |       0 |      16 |   0.0 |   555
           D:3 |       0 |      50 |   0.0 |       0 |      14 |   0.0 |   865
           D:4 |       0 |     771 |   0.0 |       0 |      30 |   0.0 |   970
           D:5 |       0 |     971 |   0.0 |       0 |      27 |   0.0 |   863
           D:6 |       0 |     313 |   0.0 |       0 |       8 |   0.0 |   114
           D:7 |       0 |     192 |   0.0 |       0 |       3 |   0.0 |    54
           D:8 |       0 |     174 |   0.0 |       0 |       3 |   0.0 |   164
               +---------+---------+-------+---------+---------+-------+---------
